 Dungeon Crawl Stone Soup version 0.13.0-3-g966e3ec (webtiles) character file.

276 Lilouch the Cudgeler (level 4, -13/28 HPs)
             Began as a Gargoyle Fighter on Oct 13, 2013.
             Killed by divine providence
             ... invoked by an orc priest
              (14 damage)
             ... on Level 3 of the Dungeon.
             The game lasted 00:11:03 (1974 turns).

Lilouch the Cudgeler (Gargoyle Fighter)             Turns: 1974, Time: 00:11:03

HP -13/28        AC 14     Str 20      XL: 4   Next: 86%
MP   3/3         EV  5     Int  9      God:
Gold 169         SH 19     Dex  9      Spells:  0 memorised,  3 levels left

Res.Fire  : . . .   See Invis. : .   a - +0 mace
Res.Cold  : . . .   Warding    : .   K - +0 elf chain mail
Life Prot.: + . .   Conserve   : .   c - +0 shield
Res.Poison: +       Res.Corr.  : .   (no helmet)
Res.Elec. : +       Clarity    : .   (no cloak)
Sust.Abil.: . .     Spirit.Shd : .   (no gloves)
Res.Mut.  : .       Stasis     : .   j - +0 pair of boots
Res.Rott. : +       Flight     : .   (no amulet)
Saprovore : . . .                    (no ring)
                                     v - ring of flight

@: slightly resistant to hostile enchantments, extremely unstealthy
A: fangs 1, talons 2, life protection 1, electricity resistance, slow metabolism
1, unbreathing, petrification resistance, AC +3
a: Evoke Flight


You were on level 3 of the Dungeon.
You were not hungry.

You visited 1 branch of the dungeon, and saw 3 of its levels.

You collected 149 gold pieces.

Inventory:

Hand weapons
 a - a +0,+0 mace (weapon)
 s - a +0 blowgun
Missiles
 k - a dart of flame (quivered)
 l - 23 poisoned needles
 y - 28 stones
Armour
 c - a +0 shield (worn)
 j - a +0 pair of boots (worn)
 C - a +0 chain mail
 K - a +0 elven chain mail (worn)
Magical devices
 E - a wand of confusion (14)
Comestibles
 d - 5 bread rations
 h - 3 pears
 x - a sausage
Scrolls
 b - a scroll of recharging {unknown}
 i - a scroll of enchant weapon II {unknown}
 m - 3 scrolls of random uselessness
 p - a scroll of identify {unknown}
 q - a scroll of amnesia {unknown}
 z - a scroll of blinking {unknown}
 A - a scroll of remove curse
 D - a scroll of fear {unknown}
 G - a scroll of enchant armour {unknown}
 H - 3 scrolls of fog {unknown}
 L - a scroll of curse weapon {unknown}
Jewellery
 e - an uncursed ring of sustain abilities {unknown}
 g - an uncursed amulet of warding {unknown}
 n - an uncursed amulet of stasis {unknown}
 v - a ring of flight (left hand)
Potions
 f - 2 potions of paralysis {unknown}
 o - a potion of resistance {unknown}
 r - 5 potions of curing {unknown}
 t - a potion of invisibility {unknown}
 u - a potion of heal wounds {unknown}
 w - a potion of magic {unknown}
 B - a potion of agility {unknown}
 F - a potion of might {unknown}
 J - a potion of poison {unknown}


   Skills:
 - Level 3.2 Fighting
 * Level 4.2 Maces & Flails
 + Level 3.7 Armour
 + Level 4.2 Shields


You had 3 spell levels left.
You didn't know any spells.

Dungeon Overview and Level Annotations

Branches:
Dungeon (3/27)

Altars:
Cheibriados
Fedhas
Nemelex Xobeh
Sif Muna


Innate Abilities, Weirdness & Mutations

You are resistant to torment.
You are immune to poison.
Your stone body is very resilient (AC +3).
You have very sharp teeth.
You have razor-sharp toenails.
You resist negative energy.
You are resistant to electric shocks.
You have a slow metabolism.
You can survive without breathing.
You are immune to petrification.


Message History

* * * LOW HITPOINT WARNING * * *
The orc priest hits you but does no damage.
The orc wizard casts a spell.
You feel a wave of unholy energy pass over you.
The orc priest hits you but does no damage.
The orc priest unwields an uncursed orcish trident.
The orc priest drops an uncursed orcish trident.
The orc priest picks up an orcish flail.
The orc priest wields an orcish flail.
The orc wizard unwields an uncursed orcish dagger.
The orc wizard drops an uncursed orcish dagger.
The orc wizard picks up an uncursed orcish trident.
The orc wizard wields an uncursed orcish trident.
The orc priest invokes the aid of Beogh against you.
Pain shoots through your body!
* * * LOW HITPOINT WARNING * * *
The orc priest invokes the aid of Beogh against you.
Something smites you!
Ouch! That really hurt!
You die...

#♣♣..♣♣#.o.##...# #
#♣♣.♣♣♣#........###########
♣♣.♣♣♣#...................
♣♣♣.♣♣ ####oo..############
♣♣♣♣.♣♣ ##......# ♣♣♣..♣♣
#.......#### ♣♣..♣♣♣
#....###.).# ♣♣_.♣♣♣
#.##.#...<.# #### ♣..♣♣♣
#..@.......# ##..# ♣♣♣♣♣♣♣
##...#...### #...# ♣♣♣♣♣
##...###.## #...# #....##...#
#...# #....##...# ##..#
######....##.>.# #..#
#######...#..[#.###.########..#
.....................%..........
#####...#######(###########...#


You could see an orc priest and an orc wizard.

Vanquished Creatures
  Ijyb (D:3)
  2 adders
  A worm (D:3)
  2 giant geckos
  An ooze (D:1)
  6 orcs (D:3)
  2 bats
  2 giant cockroaches
  4 goblins
  4 hobgoblins
  6 jackals (D:2)
  2 quokkas (D:2)
  4 giant newts
  12 kobolds
  11 rats
60 creatures vanquished.

Notes
Turn   | Place    | Note
--------------------------------------------------------------
     0 | D:1      | Lilouch, the Gargoyle Fighter, began the quest for the Orb.
     0 | D:1      | Reached XP level 1. HP: 14/14 MP: 0/0
   144 | D:1      | Reached XP level 2. HP: 17/19 MP: 1/1
   735 | D:2      | Reached XP level 3. HP: 17/24 MP: 2/2
  1190 | D:2      | Found a deep blue altar of Sif Muna.
  1190 | D:2      | Found a snail-covered altar of Cheibriados.
  1294 | D:2      | Found a sparkling altar of Nemelex Xobeh.
  1454 | D:3      | Noticed Ijyb
  1483 | D:3      | Killed Ijyb
  1483 | D:3      | Reached XP level 4. HP: 24/28 MP: 3/3
  1487 | D:3      | Reached skill level 4 in Shields
  1926 | D:3      | Found a blossoming altar of Fedhas.
  1972 | D:3      | HP: 1/28 [orc priest/nerve-wracking pain (5)]
  1974 | D:3      | Killed from afar by an orc priest

Action                   |  1- 3 |  4- 6 || total
-------------------------+-------+-------++-------
Melee: Mace              |   155 |    73 ||   228
Evoke: Wand              |     1 |       ||     1
  Use: Scroll            |       |     2 ||     2
